 Dungeon Crawl Stone Soup version 0.31-a0-4-gefa6de2278 (webtiles) character file.

Game seed: 17293127197515843212

21 qeuew the Sneak (level 2, -3/15 HPs)
             Began as a Spriggan Brigand on May 3, 2023.
             Slain by a worm (11 damage)
             ... on level 2 of the Dungeon.
             The game lasted 00:00:49 (1137 turns).

qeuew the Sneak (Spriggan Brigand)                  Turns: 1137, Time: 00:00:50

Health: -3/15      AC:  3    Str:  7    XL:     2   Next: 65%
Magic:  3/3        EV: 16    Int: 12    God:
Gold:   137        SH:  0    Dex: 16    Spells: 1/1 levels left

rFire   . . .        a - +2 dagger
rCold   . . .        (no shield)
rNeg    . . .        b - +0 robe
rPois   .            (helmet restricted)
rElec   .            c - +0 cloak
rCorr   .            (gloves unavailable)
SInv    +            (boots unavailable)
Will    .....        (no amulet)
Stlth   +++          (no ring)
HPRegen 0.22/turn    (no ring)
MPRegen 0.08/turn

%: no passive effects
@: very quick
A: very small, no large weapons, unfitting armour, see invisible, speed 3
a: no special abilities


You were on level 2 of the Dungeon.
You visited 1 branch of the dungeon, and saw 2 of its levels.

You collected 137 gold pieces.

Inventory:

Hand Weapons
 a - a +2 dagger (weapon)
Missiles
 d - 15 poisoned darts (quivered)
 e - 8 curare-tipped darts
Armour
 b - a +0 robe (worn)
 c - a +0 cloak (worn)
Wands
 k - a wand of charming (6)
Scrolls
 f - 4 scrolls of identify
 g - a scroll of magic mapping
 h - a scroll of enchant armour {unknown}
Potions
 i - a potion of mutation {unknown}
 j - 3 potions of curing {unknown}
 l - a potion of brilliance {unknown}


   Skills:
 + Level 1.7 Fighting
 * Level 2.7 Short Blades
 + Level 2.2 Throwing
 + Level 1.6 Dodging
 * Level 6.3 Stealth


You had one spell level left.
You didn't know any spells.
Your spell library was empty.

Dungeon Overview and Level Annotations

Branches:
Dungeon (2/15)

Altars:


Innate Abilities, Weirdness & Mutations

You are very small and have problems with some larger weapons.
You are too small for most types of armour.
You have supernaturally acute eyesight. (SInv)
You cover ground extremely quickly. (Speed+++)


Message History

There is a stone staircase leading down here.
j - 3 brown potions (gained 1)
Found an escape hatch in the floor.
No target in view!
You see here a frilled lizard corpse.
A worm comes into view.
A worm is nearby!
A worm is nearby!
A bat comes into view.
The helpless bat fails to defend itself.
You impale the bat!!
You kill the bat!
No target in view!
No target in view!
No target in view!
No target in view!
The worm bites you!
Ouch! That really hurt!
You are too injured to fight recklessly!
You are too injured to fight recklessly!
You are too injured to fight recklessly!
You are too injured to fight recklessly!
You are too injured to fight recklessly!
You are too injured to fight recklessly!
You are too injured to fight recklessly!
You are too injured to fight recklessly!
You are too injured to fight recklessly!
You are too injured to fight recklessly!
You are too injured to fight recklessly!
You are too injured to fight recklessly!
You are too injured to fight recklessly!
You are too injured to fight recklessly!
Unknown command.
You hit the worm.
The worm is lightly wounded.
You hit the worm.
The worm is moderately wounded.
The worm bites you!
Ouch! That really hurt!
You die...

.#.##..########
.#.##......†..#
.#.##..######.# ...##..# #.#
)......# #.##########
.####### #.......w... .#
#....####### .# #.##w# .#
#.##@##
>############.#†..####
.....................#######
..............#...##........
#.##############.###########
..# #.# ### #.. ###


You could see a worm.

Vanquished Creatures
  2 ball pythons (D:1)
  2 endoplasms (D:1)
  A giant cockroach (D:1)
  A goblin (D:1)
  A hobgoblin (D:1)
  2 kobolds (D:1)
  A quokka (D:1)
  5 bats
  3 frilled lizards
  2 rats (D:1)
20 creatures vanquished.

Notes
Turn   | Place    | Note
-------+----------+-------------------------------------------
     0 | D:1      | qeuew the Spriggan Brigand began the quest for the Orb.
     0 | D:1      | Reached XP level 1. HP: 10/10 MP: 2/2
   103 | D:1      | Reached skill level 6 in Stealth
   122 | D:1      | Reached XP level 2. HP: 9/15 MP: 3/3
   465 | D:1      | Found a faded altar of an unknown god.
  1137 | D:2      | Slain by a worm

Illustrated notes

Levels and vault maps discovered:
D:1:      evilmike_arrival_crescent, layout_basic,
          ebering_ecumenical_altar_rust, st_stairs_6, roderic_serpentine_path
D:2:      layout_loops_ring

Skill      XL: |  1 |
---------------+----+-----
Stealth        | 6 |  6.3
Fighting       | |  1.7
Short Blades   | |  2.7
Throwing       | |  2.2
Dodging        | |  1.6

Action                     || total
---------------------------++-------
  Melee: Dagger            ||    45
    Use: Scroll            ||     1
   Stab: Sleeping          ||    11
 Armour: Robe              ||     2
  Dodge: Dodged            ||    28

Table legend: (Time is in decaauts)
 A = Elapsed time spent in this place.
 B = Non-inter-level travel time spent in this place.
 C = Inter-level travel time spent in this place.
 D = Time resting spent in this place.
 E = Time spent auto-exploring this place.
 F = Levels seen in this place.
 G = Mean time per level.
                   A        B        C        D        E       F      G
               +--------+--------+--------+--------+--------+-----+--------+
         Total |    720 |    696 |     24 |      0 |    584 |   2 |  360.0 |
       Dungeon |    720 |    696 |     24 |      0 |    584 |   2 |  360.0 |
               +--------+--------+--------+--------+--------+-----+--------+

Top non-repeatable levels by time:
     D:1: 534 daAuts
     D:2: 186 daAuts
